 Dungeon Crawl Stone Soup version 0.31.0-32-g396128a36d (webtiles) character file.

Game seed: 9176659189383086039

19376 Bamboolord the Blocker (level 13, -15/99 HPs)
             Began as a Formicid Fighter on Mar 9, 2024.
             Was a High Priest of Nemelex Xobeh.
             Demolished by a white ugly thing (20 damage)
             ... on level 12 of the Dungeon.
             The game lasted 00:33:04 (15545 turns).

Bamboolord the Blocker (Formicid Fighter)          Turns: 15545, Time: 00:33:05

Health: -15/99     AC:  9    Str: 31    XL:     13   Next: 4%
Magic:  0/24       EV: 13    Int: 12    God:    Nemelex Xobeh [*****.]
Gold:   116        SH:  6    Dex: 13    Spells: 20/27 levels left

rFire   . . .        a - +0 quarterstaff (flame)
rCold   . . .        c - +0 buckler
rNeg    . . .        B - +0 swamp dragon scales
rPois   +            (helmet unavailable)
rElec   .            (no cloak)
rCorr   +            (no gloves)
SInv    +            (no boots)
Will    ++...        t - amulet of guardian spirit
Stlth   +++          R - ring "Mourrem" {rCorr Str+6 Int+3}
HPRegen 0.36/turn    u - ring of willpower
MPRegen 0.19/turn

%: guardian spirit
@: no status effects
A: permanent stasis, dig shafts and tunnels, antennae 3, four strong arms
a: Dig, Shaft Self, Renounce Religion, Draw Escape, Draw Destruction, Draw
Summoning, Triple Draw, Deal Four, Stack Five


You were on level 12 of the Dungeon.
You worshipped Nemelex Xobeh.
Nemelex Xobeh was extremely pleased with you.
You visited 2 branches of the dungeon, and saw 13 of its levels.
You also visited: Ossuary and Bailey.

You collected 774 gold pieces.
You spent 658 gold pieces at shops.

Inventory:

Hand Weapons
 a - a +0 quarterstaff of flaming (weapon)
Missiles
 J - 6 throwing nets
Armour
 c - a +0 buckler (worn)
 h - a +2 ring mail of positive energy
 B - +0 swamp dragon scales (worn)
Jewellery
 f - a ring of protection from cold
 n - a ring of protection from fire
 o - a ring of magical power
 t - an amulet of guardian spirit (around neck)
 u - a ring of willpower (right hand)
 y - a ring of protection from fire
 G - an amulet of magic regeneration
 H - a +4 ring of protection
 R - the ring "Mourrem" (left hand) {rCorr Str+6 Int+3}
   (You bought it in a shop on level 10 of the Dungeon)

   [ring of strength]

   Str+6:     It affects your strength (+6).
   Int+3:     It affects your intelligence (+3).
   rCorr:     It protects you from acid and corrosion.
Wands
 r - a wand of quicksilver (4)
 D - a wand of paralysis (4)
 I - a wand of roots (5)
 L - a wand of flame (2)
Scrolls
 b - 3 scrolls of vulnerability
 k - 2 scrolls of amnesia
 l - a scroll of torment
 p - 7 scrolls of enchant armour
 w - 3 scrolls of noise
 x - a scroll of immolation {unknown}
 F - 2 scrolls of fog
 O - a scroll of brand weapon
 P - a scroll of revelation
 Q - a scroll of enchant weapon {unknown}
Potions
 d - 3 potions of might
 e - a potion of mutation
 g - 2 potions of brilliance
 i - 2 potions of cancellation {unknown}
 j - 3 potions of enlightenment
 m - 2 potions of invisibility {unknown}
 q - 2 potions of lignification {unknown}
 s - 5 potions of curing
 v - a potion of magic {unknown}
 z - 3 potions of heal wounds {unknown}
 A - 2 potions of degeneration {unknown}
 C - 3 potions of attraction {unknown}
 K - a potion of resistance {unknown}


   Skills:
 + Level 8.4 Fighting
 + Level 7.0 Staves
 + Level 8.1 Armour
 + Level 5.4 Dodging
 + Level 9.2 Stealth
 + Level 9.7 Shields
 * Level 7.8 Spellcasting
 * Level 9.2 Hexes
 + Level 7.2 Invocations


You had 20 spell levels left.
You knew the following spells:

 Your Spells              Type           Power      Damage    Failure   Level
a - Confusing Touch       Hex            26%        N/A       1%          3
b - Slow                  Hex            100%       N/A       1%          1
c - Sigil of Binding      Hex            26%        N/A       1%          3

Your spell library contained the following spells:

 Spells                   Type           Power      Damage    Failure   Level
 Necrotise                Necr           16%        1d4       22%         1
 Sandblast                Erth           8%         2d5       22%         1
 Passwall                 Erth           4%         N/A       56%         3
 Stone Arrow              Conj/Erth      8%         3d7       56%         3
 Vampiric Draining        Necr           4%         2d6       56%         3
 Animate Armour           Summ/Erth      8%         N/A       92%         4
 Brom's Barrelling Bould  Conj/Erth      4%         2d3       92%         4
 Martyr's Knell           Necr/Summ      4%         N/A       92%         4
 Summon Lightning Spire   Summ/Air       4%         N/A       92%         4
 Curse of Agony           Necr           4%         N/A       99%         5
 Lee's Rapid Deconstruct  Erth           2%         3d4*      99%         5


Dungeon Overview and Level Annotations

Branches:
Dungeon (12/15)            Temple (1/1) D:4            Lair (0/5) D:10
Ossuary (visited)          Bailey (visited)
    Orc: D:9-12

Altars:
Ashenzari
Cheibriados
Dithmenos
Elyvilon
Fedhas
Gozag
Hepliaklqana
Kikubaaqudgha
Makhleb
Nemelex Xobeh
Okawaru
Qazlal
Ru
Sif Muna
Trog
Uskayaw
Vehumet
Wu Jian
Xom
Yredelemnul
Zin
The Shining One

Shops:
D:10 =(


Innate Abilities, Weirdness & Mutations

You cannot be hasted, slowed, berserked, paralysed or teleported.
You can dig through walls and to a lower floor.
You have a pair of large antennae on your head. (SInv)
Your four strong arms can wield two-handed weapons with a shield.


Message History

The bolt of negative energy misses the purple ugly thing.
The purple ugly thing stings you!!
* * * LOW HITPOINT WARNING * * *
The orc skeleton hits you but does no damage.
You draw a card...
You have drawn the Orb.
Press: ? - help, Shift-Dir - straight line, f/p - purple ugly thing
Aim: a purple ugly thing (severely wounded)
The purple ugly thing stings you but does no damage.
Unknown command.
Your orb of destruction hits a rock wall.
Your orb of destruction hits a stone wall.
The purple ugly thing attacks as it pursues you!
The purple ugly thing stings you!
* * * LOW HITPOINT WARNING * * *
You block the orc skeleton's attack.
The purple ugly thing stings you but does no damage.
Okay, then.
You feel better.
Your orb of destruction hits a rock wall.
The orc skeleton barely misses you.
The purple ugly thing barely misses you.
You draw a card...
You have drawn Wild Magic.
The purple ugly thing is engulfed in toxic fumes.
The purple ugly thing is poisoned.
The orc skeleton seems frightened for a moment.
The orc skeleton completely resists.
You feel a surge of magic.
You feel your power returning. You block the orc skeleton's attack.
You block the purple ugly thing's attack.
The orc skeleton attacks as it pursues you!
You block the orc skeleton's attack.
You draw a card...
You have drawn Degeneration.
The purple ugly thing basks in the mutagenic energy and changes!
The brown ugly thing basks in the mutagenic energy and changes!
The orc skeleton is dazed by the mutagenic energy.
The white ugly thing kicks you!
* * * LOW HITPOINT WARNING * * *
The white ugly thing freezes you!!
You die...
Your body glows with a rainbow of weird colours and disappears.

#.###..# #......# # {
#......# ## #......#
.## +......#
..####+##### #......#
...#.....#.## #......#
...#..[..#..## #.uZ...#
...'.....'...###@###..#
#..#..(..#....##.# ..#
##.#†....#..†..#.###..#
#####+####....#......#
##...'......#
##..#......# {
##.#......# ###......#
#......#


You could see a white ugly thing (very poisoned) and an orc skeleton (dazed).

Vanquished Creatures
  Gastronok (D:8)
  2 boulder beetles
  3 two-headed ogres
  2 manticores (D:12)
  A cyclops (D:12)
  Joseph (D:7)
  An unseen horror (D:11)
  2 kobold demonologists (D:10)
  A komodo dragon (D:10)
  A troll (D:12)
  3 hornets
  Grinder (D:6)
  2 shadows
  12 yaks
  A wyvern (D:8)
  A golden eye (D:11)
  A steam dragon (D:7)
  4 vampire mosquitoes (D:11)
  Menkaure (D:6)
  2 acid dragons
  2 water moccasins
  3 orc warriors
  2 ice beasts
  3 black bears
  2 centaurs
  7 ogres
  A phantom (D:5)
  A kobold brigand (D:10)
  3 elf zombies (Ossuary)
  2 gnoll sergeants (D:10)
  5 bullfrogs
  7 scorpions
  3 wights (D:6)
  10 killer bees
  A bombardier beetle (D:10)
  3 howler monkeys (D:9)
  A human zombie (Ossuary)
  7 hounds
  A wyvern simulacrum (D:9)
  5 jellies
  11 orc priests
  2 gnoll boudas
  5 iguanas
  A sleepcap (D:7)
  19 orc wizards
  Natasha (thrice) (D:2)
  2 hound zombies (Ossuary)
  4 mummies (Ossuary)
  23 gnolls
  4 adders
  3 shadow imps
  5 white imps
  An ufetubus (D:9)
  2 dart slugs
  4 ribbon worms
  50 orcs
  3 endoplasms
  4 giant cockroaches
  11 goblins
  13 hobgoblins
  12 jackals
  10 quokkas
  10 ball pythons
  6 bats
  4 frilled lizards
  2 gnoll zombies (Ossuary)
  A hobgoblin zombie (Ossuary)
  2 jackal zombies (Ossuary)
  11 kobolds
  6 rats
  A rat zombie (Ossuary)
347 creatures vanquished.

Vanquished Creatures (collateral kills)
  A gargoyle (D:11)
  A wraith (D:11)
  8 yaks
  2 vampire mosquitoes (D:11)
  An acid dragon (D:9)
  An orc warrior (D:11)
  An ice beast (D:9)
  3 wolves (D:9)
  A gnoll sergeant (D:8)
  A bullfrog (D:9)
  6 killer bees
  An electric eel (D:9)
  A jelly (D:8)
  An orc wizard (D:11)
  3 centaur simulacra (D:9)
  3 gnolls
  4 white imps (D:9)
  2 howler monkey simulacra (D:9)
  3 ufetubi (D:9)
  3 goblins (D:9)
47 creatures vanquished.

Grand Total: 394 creatures vanquished

Notes
Turn   | Place    | Note
-------+----------+-------------------------------------------
     0 | D:1      | Bamboolord the Formicid Fighter began the quest for the
                  | Orb.
     0 | D:1      | Reached XP level 1. HP: 18/18 MP: 1/1
    15 | D:1      | Found a stormy altar of Qazlal.
    47 | D:1      | Reached skill level 1 in Stealth
    51 | D:1      | Reached XP level 2. HP: 12/24 MP: 2/2
   362 | D:1      | Reached XP level 3. HP: 26/29 MP: 3/3
   785 | D:2      | Reached XP level 4. HP: 12/35 MP: 4/4
  1000 | D:2      | Noticed Natasha
  1002 | D:2      | Killed Natasha
  1093 | D:2      | Noticed Natasha
  1101 | D:2      | Killed Natasha
  1102 | D:2      | Reached XP level 5. HP: 30/42 MP: 5/5
  1379 | D:2      | Noticed Natasha
  1386 | D:2      | Killed Natasha
  1499 | D:3      | Found a snail-covered altar of Cheibriados.
  1500 | D:3      | Found a white marble altar of Elyvilon.
  1862 | D:3      | Found a broken altar of Ashenzari.
  2019 | D:4      | Noticed an ogre
  2028 | D:3      | Killed an ogre
  2029 | D:3      | Reached XP level 6. HP: 35/48 MP: 6/6
  2091 | D:4      | Found a staircase to the Ecumenical Temple.
  2100 | Temple   | Entered the Ecumenical Temple
  2104 | Temple   | Reached skill level 5 in Shields
  2126 | Temple   | Became a worshipper of Nemelex Xobeh the Trickster
  2184 | D:4      | Noticed an ogre
  2191 | D:4      | Killed an ogre
  2192 | D:4      | Reached skill level 1 in Invocations
  2291 | D:4      | Reached XP level 7. HP: 52/55 MP: 7/7
  2815 | D:4      | Reached skill level 5 in Stealth
  3190 | D:5      | Entered Level 5 of the Dungeon
  3207 | D:4      | Reached skill level 1 in Dodging
  3299 | D:4      | Reached XP level 8. HP: 19/61 MP: 6/9
  3541 | D:4      | Reached skill level 5 in Fighting
  3541 | D:4      | Reached skill level 5 in Armour
  3685 | D:5      | Reached * piety under Nemelex Xobeh
  3844 | D:5      | Received a gift from Nemelex Xobeh
  3849 | D:5      | Learned a level 3 spell: Confusing Touch
  3851 | D:5      | Learned a level 1 spell: Slow
  3855 | D:5      | Learned a level 3 spell: Sigil of Binding
  3982 | D:5      | Reached skill level 1 in Hexes
  4053 | D:5      | Reached skill level 1 in Spellcasting
  4141 | D:5      | Reached XP level 9. HP: 46/60 MP: 11/11
  4752 | D:6      | Noticed Menkaure
  4763 | D:6      | Killed Menkaure
  5437 | D:6      | Noticed Grinder
  5448 | D:6      | Killed Grinder
  5645 | D:6      | Reached ** piety under Nemelex Xobeh
  5978 | D:6      | Identified the +1 robe of Greed {Will- rCorr Str+3}
  6115 | D:6      | Reached skill level 5 in Staves
  6204 | D:7      | Noticed Joseph
  6227 | D:7      | Found a sand-covered staircase.
  6236 | Ossuary  | Entered an ossuary
  6264 | Ossuary  | Reached XP level 10. HP: 54/76 MP: 15/15
  6929 | D:7      | Killed Joseph
  6930 | D:7      | Reached skill level 5 in Hexes
  7160 | D:7      | Reached skill level 5 in Invocations
  7717 | D:8      | Received a gift from Nemelex Xobeh
  7764 | D:8      | Noticed Gastronok
  7825 | D:8      | Killed Gastronok
  7826 | D:8      | Reached skill level 5 in Spellcasting
  7826 | D:8      | Reached XP level 11. HP: 80/83 MP: 18/18
  7934 | D:8      | Reached *** piety under Nemelex Xobeh
  8456 | D:8      | Received a gift from Nemelex Xobeh
  8915 | D:9      | Received a gift from Nemelex Xobeh
  9246 | D:9      | Found a flagged portal.
  9275 | Bailey   | Entered a bailey
  9521 | D:9      | Reached **** piety under Nemelex Xobeh
  9747 | D:9      | Received a gift from Nemelex Xobeh
  9835 | D:9      | Noticed a two-headed ogre
  9850 | D:9      | Killed a two-headed ogre
 10646 | D:10     | Entered Level 10 of the Dungeon
 10810 | D:10     | Found Aptya's Weapon Emporium.
 11317 | D:9      | Reached XP level 12. HP: 90/91 MP: 21/21
 12121 | D:10     | Noticed a two-headed ogre
 12139 | D:10     | Killed a two-headed ogre
 12218 | D:10     | Found Poutt's Jewellery Shop.
 12679 | D:10     | Found a staircase to the Lair.
 12962 | D:10     | Bought the ring "Mourrem" {rCorr Str+6 Int+3} for 658 gold
                  | pieces
 13061 | D:11     | Noticed a two-headed ogre
 13065 | D:11     | a two-headed ogre changed into a golden eye
 13071 | D:11     | Noticed a boulder beetle
 13234 | D:11     | Killed a boulder beetle
 13475 | D:11     | Reached skill level 5 in Dodging
 13944 | D:11     | Reached ***** piety under Nemelex Xobeh
 14192 | D:11     | Received a gift from Nemelex Xobeh
 14750 | D:12     | Noticed a boulder beetle
 14762 | D:12     | Killed a boulder beetle
 14879 | D:12     | Noticed a two-headed ogre
 14891 | D:12     | Killed a two-headed ogre
 15206 | D:12     | Reached XP level 13. HP: 61/99 MP: 15/24
 15540 | D:12     | HP: 1/99 [purple ugly thing (7)]
 15545 | D:12     | Demolished by a white ugly thing

Illustrated notes

Levels and vault maps discovered:
D:1:      dpeg_arrival_lava_altar, layout_rooms
D:2:      layout_rooms, minmay_crystal_room, uniq_natasha
D:3:      layout_rooms, cheibrodos_ashenzari_chains,
          mainiacjoe_overflow_divided_tiny, minmay_splitting_lines,
          nicolae_wormholes
D:4:      layout_basic, minmay_temple_entry_sparse_star
D:5:      layout_loops_ring, hangedman_decor_peaks_small, nicolae_titane
D:6:      layout_basic, uniq_menkaure, uniq_grinder
D:7:      layout_loops_ring, mainiacjoe_ossuary_entry_dusty_tomb, uniq_joseph
D:8:      layout_cave_pods, uniq_gastronok
D:9:      layout_layer_cave, serial_ice, serial_ice_b, serial_ice_k,
          serial_ice_m, serial_ice_e, serial_ice_g, serial_ice_h, serial_ice_f,
          enter_bailey_5
D:10:     layout_cave_pools, grunt_lair_entry_orc_guard_hut, serial_gnoll_camp,
          gnoll_camp_mini_shop, gnoll_camp_medium_02, gnoll_camp_mini_shop,
          gnoll_camp_mini_doghouse, gnoll_camp_mini_basic,
          chequers_serial_rivers_micro_a, eino_jars
D:11:     layout_loops_cross
D:12:     layout_stronghold, zombieorc1_lemuel, minmay_quadrilaterals
Temple:   compressed_dpeg_triangle_lava_temple

Skill      XL: |  1  2  3  4  5  6  7  8  9 10 11 12 |
---------------+-------------------------------------+-----
Stealth        | 1 2 3 4 5 6 7 8 9 |  9.2
Fighting       | 4 5 6 7 8 |  8.4
Staves         | 3 4 5 6 7 |  7.0
Armour         | 4 5 6 7 8 |  8.1
Shields        | 5 6 7 8 9 |  9.7
Invocations    | 1 2 3 4 5 6 7 |  7.2
Dodging        | 1 2 3 4 5 |  5.4
Hexes          | 1 4 5 7 9 |  9.2
Spellcasting   | 1 3 5 6 7 |  7.8

Action                     |  1- 3 |  4- 6 |  7- 9 | 10-12 | 13-15 || total
---------------------------+-------+-------+-------+-------+-------++-------
  Melee: Quarterstaff      |   119 |   104 |   434 |  1018 |    23 ||  1698
   Cast: Confusing Touch   |       |       |       |     4 |       ||     4
 Invoke: Draw Destruction  |       |       |     3 |    23 |     5 ||    31
         Draw Summoning    |       |       |       |     9 |       ||     9
         Draw Escape       |       |       |       |     5 |       ||     5
Ability: Dig               |       |       |     3 |     1 |       ||     4
    Use: Scroll            |       |     4 |     8 |    11 |       ||    23
         Potion            |       |       |       |       |     1 ||     1
   Stab: Sleeping          |       |     1 |     4 |     9 |     1 ||    15
         Distracted        |       |       |       |     5 |       ||     5
         Confused          |       |       |       |     3 |       ||     3
 Armour: Scale mail        |    16 |       |       |       |       ||    16
         Ring mail         |    67 |    67 |   173 |       |       ||   307
         Swamp dragon scal |       |       |   132 |   952 |    29 ||  1113
  Dodge: Dodged            |    51 |    64 |   250 |   776 |    15 ||  1156
  Block: Buckler           |    38 |    22 |   128 |   472 |    12 ||   672
